 Dungeon Crawl Stone Soup version 0.23.2-1-ga50397a6bc (webtiles) character file.

Game seed: 6615190049235806944

44765 Gargoyl the Cleaver (level 13, -5/110 HPs)
             Began as a Centaur Abyssal Knight on May 17, 2019.
             Was the Champion of Lugonu.
             Killed from afar by a frost giant (23 damage)
             ... with a bolt of cold
             ... in an ice cave.
             The game lasted 00:28:06 (19429 turns).

Gargoyl the Cleaver (Centaur Abyssal Knight)       Turns: 19429, Time: 00:28:07

Health: -5/110     AC: 37    Str: 18    XL:     13   Next: 98%
Magic:  17/21      EV:  2    Int: 11    God:    Lugonu [******]
Gold:   875        SH: 10    Dex: 10    Spells: 12/12 levels left

rFire    + . .     SeeInvis .   x - +5 hand axe (elec)
rCold    . . .     Gourm    .   E - +1 shield
rNeg     . . .     Faith    .   B - +8 plate armour of Dramatic Exits {MR+++}
rPois    +         Spirit   .   D - +2 hat
rElec    +         Reflect  .   J - +0 cloak {MR+}
rCorr    .         Harm     .   m - +2 pair of gloves
MR       ++++.                  f - +4 centaur barding
Stlth    ..........             (no amulet)
HPRegen  0.28/turn              n - +2 ring of slaying
MPRegen  0.17/turn              C - ring "Olaraif" {+Blink rElec rPois rF+ Dex-3}

@: very quick
A: large, hooves 3, horns 1, agile 1, deformed body, speed 2, tough skin 3
a: Depart the Abyss, Bend Space, Banish, Corrupt, Enter the Abyss, Brand Weapon
With Distortion, Renounce Religion, Evoke Blink


You were in an ice cave.
You worshipped Lugonu.
Lugonu was exalted by your worship.
You were not hungry.

You visited 2 branches of the dungeon, and saw 15 of its levels.
You visited the Abyss 1 time.
You also visited: Gauntlet and Ice Cave.

You collected 990 gold pieces.
You spent 115 gold pieces at shops.

Inventory:

Hand Weapons
 b - a +6 war axe
 v - the +7 great mace "Nyes" {holy, rElec}
   (You took it off a minotaur in a Gauntlet)

   It has been blessed by the Shining One to cause great damage to the undead
   and demons.
   It insulates you from electricity.
 x - a +5 hand axe of electrocution (weapon)
 I - a +1 demon trident of venom
Missiles
 M - 4 javelins of penetration (quivered)
 O - 18 poisoned javelins
Armour
 f - a +4 centaur barding (worn)
 m - a +2 pair of gloves (worn)
 B - the +8 plate armour of Dramatic Exits (worn) {MR+++}
   (You took it off a minotaur in a Gauntlet)

   It affects your resistance to hostile enchantments.
 D - a +2 hat (worn)
 E - a +1 shield (worn)
 J - a +0 cloak of magic resistance (worn)
 N - the cursed +0 helmet of Hofudyn {Int+3 SInv}
   (You found it in a Gauntlet)

   It affects your intelligence (+3).
   It lets you see invisible.
   It has a curse placed upon it.
Jewellery
 a - the ring of Hysk {+Blink rElec rPois MR+}
   (You found it on level 3 of the Lair of Beasts)

   [ring of protection from magic]

   It insulates you from electricity.
   It protects you from poison.
   It affects your resistance to hostile enchantments.
   It lets you blink.
 g - a +2 ring of strength
 n - a +2 ring of slaying (left hand)
 s - an uncursed ring of flight
 A - a +4 ring of intelligence
 C - the ring "Olaraif" (right hand) {+Blink rElec rPois rF+ Dex-3}
   (You found it in a Gauntlet)

   [ring of protection from fire]

   It affects your dexterity (-3).
   It protects you from fire.
   It insulates you from electricity.
   It protects you from poison.
   It lets you blink.
Wands
 t - a wand of random effects (43)
 w - a wand of paralysis (18)
 y - a wand of iceblast (8)
 z - a wand of digging (2)
 F - a wand of flame (23)
 L - a wand of polymorph (17)
Scrolls
 i - a scroll of fear
 j - 5 scrolls of identify
 r - 6 scrolls of teleportation
 u - 8 scrolls of remove curse
 G - 2 scrolls of fog
Potions
 d - a potion of lignification
 e - 2 potions of brilliance
 h - a potion of might
 k - 5 potions of curing
 l - 2 potions of haste
 o - 2 potions of flight
 p - 3 potions of ambrosia
 q - a potion of agility
Comestibles
 c - 29 rations


   Skills:
 + Level 8.9 Fighting
 + Level 11.4 Axes
 + Level 1.4 Throwing
 * Level 10.3 Armour
 * Level 7.3 Dodging
 + Level 3.5 Shields
 * Level 11.2 Invocations
 + Level 0.2 Evocations


You had 12 spell levels left.
You didn't know any spells.
Your spell library contained the following spells:

 Spells                   Type           Power        Failure   Level  Hunger
 Beastly Appendage        Tmut           #.....       100%        1    ##.....
 Corona                   Hex            #......      100%        1    ##.....
 Freeze                   Ice            #...         100%        1    ##.....
 Slow                     Hex            #.......     100%        2    ###....
 Sticks to Snakes         Tmut           #.......     100%        2    ###....
 Throw Frost              Conj/Ice       #.....       100%        2    ###....
 Gell's Gravitas          Tloc           #.........   100%        3    ####...
 Inner Flame              Hex/Fire       #.......     100%        3    ####...
 Ozocubu's Armour         Chrm/Ice       #.......     100%        3    ####...
 Portal Projectile        Hex/Tloc       #.....       100%        3    ####...
 Spider Form              Tmut/Pois      #.........   100%        3    ####...
 Cause Fear               Hex            #.........   100%        4    #####..
 Force Lance              Conj/Tloc      #.......     100%        4    #####..
 Ice Form                 Ice/Tmut       #.......     100%        4    #####..
 Leda's Liquefaction      Hex/Erth       #.........   100%        4    #####..
 Summon Ice Beast         Ice/Summ       #.......     100%        4    #####..
 Throw Icicle             Conj/Ice       #.......     100%        4    #####..
 Blade Hands              Tmut           #.........   100%        5    ######.
 Irradiate                Conj/Tmut      #.........   100%        5    ######.
 Dispersal                Tloc           #.........   100%        6    #######
 Hydra Form               Tmut           #.........   100%        6    #######
 Statue Form              Tmut/Erth      #........    100%        6    #######
 Dragon Form              Tmut           #.........   100%        7    #######
 Controlled Blink         Tloc           N/A          100%        8    #######
 Disjunction              Tloc           #.........   100%        8    #######


Dungeon Overview and Level Annotations

Branches:
Dungeon (9/15)             Temple (0/1) D:6            Lair (6/6) D:9
 Shoals (0/4) Lair:4       Spider (0/4) Lair:2        Slime (0/5) Lair:6
    Orc: D:9-12

Altars:
Ashenzari
Elyvilon
Hepliaklqana
Kikubaaqudgha
Qazlal
Uskayaw
Vehumet
Yredelemnul
Zin
Jiyva

Shops:
D:4 ?   D:5 :


Innate Abilities, Weirdness & Mutations

You have hooves in place of feet.
Armour fits poorly on your strangely shaped body.
You cover ground very quickly.
You have extremely tough skin. (AC +3)
You have a pair of small horns on your head.
You are agile. (Dex +2)


Message History

The bolt of cold hits you!!
You hit the frost giant but do no damage.
Your headbutt misses the frost giant.
The frost giant is heavily wounded.
The frost giant hits you with a +2 battleaxe of freezing!
The frost giant freezes you.
You hit the frost giant.
You kick the frost giant, but do no damage.
The frost giant is heavily wounded.
You feel better.
The frost giant gestures at you while chanting.
The bolt of cold hits you!!
* * * LOW HITPOINT WARNING * * *
Press: ? - help, Shift-Dir - straight line, f - frost giant
Aim: a frost giant, wielding a +2 battleaxe of freezing (heavily wounded, chance to defeat MR: 41%)
The frost giant resists with some effort.
You feel somewhat more hungry.
The frost giant points at you and mumbles some strange words.
The bolt of cold hits you!!
You die... #.. ##..# #.... ...h# #YYh

#hh##
#Yh#
#C#
##@#
#.##
#.##
#..#
##.#
##.#
###.##
##.#.#
#....#


You could see a frost giant, 5 polar bears and 3 yaks.

Vanquished Creatures
  A minotaur (Gauntlet)
  A catoblepas (Lair:5)
  15 death yaks
  A sixfirhy (Gauntlet)
  An ugly thing (D:8)
  2 black mambas
  6 elephants (Lair:5)
  8 spiny frogs
  11 komodo dragons
  2 merfolk (Lair:4)
  11 polar bears (IceCv)
  A hornet (D:9)
  5 hippogriffs
  11 blink frogs
  5 dream sheep (Lair:5)
  A spectral black mamba (Gauntlet)
  2 redbacks (Lair:2)
  Sigmund (D:3)
  33 yaks
  5 shadows (Gauntlet)
  2 wyverns
  A human (D:7)
  4 hungry ghosts
  4 hogs (D:7)
  2 basilisks
  5 water moccasins
  10 porcupines
  3 ice beasts
  2 phantoms
  3 orc warriors
  3 ogres
  2 centaurs
  32 wolves
  5 crocodiles
  12 bullfrogs
  A gnoll sergeant (D:5)
  A water moccasin zombie (D:8)
  2 scorpions
  9 wights
  6 killer bees (D:9)
  An electric eel (Lair:4)
  14 howler monkeys
  A centaur zombie (D:9)
  A bullfrog zombie (D:8)
  2 crimson imps
  4 hounds
  A jelly (D:6)
  2 orc priests
  4 iguanas
  8 orc wizards
  4 worker ants
  A killer bee zombie (D:8)
  A hound zombie (D:8)
  A hound skeleton (D:4)
  14 gnolls
  A howler monkey skeleton (D:6)
  4 adders
  2 shadow imps
  4 ufetubi (Gauntlet)
  A worm (D:2)
  A dart slug (D:2)
  4 leopard geckos
  21 orcs
  A ball python (D:6)
  13 giant cockroaches
  8 hobgoblins
  7 jackals
  8 quokkas
  6 bats
  3 frilled lizards
  11 goblins
  4 kobolds
  11 rats
  7 fungi
  2 plants
410 creatures vanquished.

Vanquished Creatures (others)
  4 hydras
  A death scarab (Gauntlet)
  8 demonic plants (Gauntlet)
  5 fungi
  2 plants
20 creatures vanquished.

Grand Total: 430 creatures vanquished

Notes
Turn   | Place    | Note
-------+----------+-------------------------------------------
     0 | Abyss:1  | Gargoyl the Centaur Abyssal Knight began the quest for the
                  | Orb.
     0 | Abyss:1  | Reached XP level 1. HP: 19/19 MP: 2/2
   246 | Abyss:1  | Noticed a four-headed hydra skeleton
   262 | Abyss:1  | Noticed a large abomination
   264 | D:1      | Escaped the Abyss
   604 | D:1      | Reached * piety under Lugonu
   604 | D:1      | Reached XP level 2. HP: 26/26 MP: 3/3
   815 | D:1      | Reached skill level 1 in Dodging
  1037 | D:1      | Reached XP level 3. HP: 24/31 MP: 4/4
  1339 | D:2      | Found an ancient bone altar of Kikubaaqudgha.
  1665 | D:3      | Noticed Sigmund
  1822 | D:3      | Killed Sigmund
  1822 | D:3      | Reached XP level 4. HP: 19/40 MP: 4/6
  1822 | D:3      | Reached XP level 5. HP: 22/46 MP: 4/7
  2122 | D:3      | Gained mutation: You are agile. (Dex +2) [potion of
                  | mutation]
  2122 | D:3      | Gained mutation: You have a pair of small horns on your
                  | head. [potion of mutation]
  2131 | D:3      | Reached XP level 6. HP: 52/52 MP: 8/8
  2479 | D:3      | Reached ** piety under Lugonu
  2685 | D:3      | Found a shattered altar of Ashenzari.
  3226 | D:3      | Found a radiant altar of Vehumet.
  3226 | D:3      | Found a hazy altar of Hepliaklqana.
  3231 | D:3      | Found a glowing silver altar of Zin.
  3836 | D:4      | Found Qedoimm's Magic Scroll Shoppe.
  3855 | D:4      | Bought a scroll of enchant armour for 82 gold pieces
  3855 | D:4      | Bought a scroll of teleportation for 33 gold pieces
  3874 | D:4      | Reached XP level 7. HP: 59/60 MP: 9/9
  4202 | D:5      | Entered Level 5 of the Dungeon
  4321 | D:5      | Noticed a hippogriff
  4327 | D:5      | Reached *** piety under Lugonu
  4331 | D:5      | Killed a hippogriff
  4472 | D:5      | Found Lavy's Book Emporium.
  4495 | D:5      | Reached XP level 8. HP: 33/67 MP: 11/11
  4506 | D:5      | Reached skill level 5 in Axes
  5104 | D:6      | Got an ichor-stained war axe
  5114 | D:6      | Identified the +3 war axe of Balance {chop, MR+ Str-2
                  | Dex+8} (You found it on level 6 of the Dungeon)
  5371 | D:6      | Found a staircase to the Ecumenical Temple.
  5572 | D:6      | Found a basalt altar of Yredelemnul.
  5611 | D:6      | Reached skill level 5 in Fighting
  5748 | D:6      | Found a white marble altar of Elyvilon.
  5894 | D:6      | Found a hide-covered altar of Uskayaw.
  6195 | D:7      | Reached skill level 5 in Invocations
  6206 | D:7      | Noticed a hippogriff
  6212 | D:7      | Killed a hippogriff
  6293 | D:7      | Reached XP level 9. HP: 74/74 MP: 12/12
  6347 | D:7      | Reached skill level 5 in Armour
  6384 | D:7      | Reached **** piety under Lugonu
  7425 | D:8      | Reached XP level 10. HP: 45/83 MP: 14/14
  8754 | D:9      | Reached ***** piety under Lugonu
  8776 | D:9      | Noticed a purple ugly thing
  8808 | D:8      | Killed a purple ugly thing
  9637 | D:9      | Found a staircase to the Lair.
  9812 | Lair:1   | Entered Level 1 of the Lair of Beasts
  9915 | Lair:1   | Reached XP level 11. HP: 71/91 MP: 16/16
 10016 | Lair:1   | Reached skill level 5 in Dodging
 10467 | Lair:1   | Noticed an eight-headed hydra
 10473 | Lair:1   | Banished an eight-headed hydra
 11253 | Lair:2   | Noticed a seven-headed hydra
 11256 | Lair:2   | Banished a seven-headed hydra
 11651 | Lair:2   | Found a hole to the Spider Nest.
 12453 | Lair:3   | Found a gate leading to a gauntlet.
 12459 | Lair:3   | Noticed a six-headed hydra
 12462 | Gauntlet | Entered a Gauntlet
 12462 | Gauntlet | Found a transporter.
 12462 | Gauntlet | Found a transporter.
 12462 | Gauntlet | Found a transporter.
 12462 | Gauntlet | Found the +2 pair of boots of the Assassin {Detection Stab+
                  | Stlth++}
 12462 | Gauntlet | Noticed a death scarab
 12554 | Gauntlet | Found a transporter.
 12554 | Gauntlet | Found a transporter.
 12554 | Gauntlet | Found a transporter.
 12568 | Gauntlet | Noticed a sixfirhy
 12569 | Gauntlet | Found a transporter.
 12573 | Gauntlet | Found a transporter.
 12574 | Gauntlet | Found a transporter.
 12574 | Gauntlet | Found a transporter.
 12589 | Gauntlet | Found a transporter.
 12688 | Gauntlet | Banished a death scarab
 12980 | Gauntlet | Killed a sixfirhy
 13002 | Gauntlet | Got a faintly glowing chain mail
 13013 | Gauntlet | Identified the +8 chain mail of Gorr {Int+3} (You found it
                  | in a Gauntlet)
 13208 | Gauntlet | Found a transporter.
 13224 | Gauntlet | Got a translucent turquoise ring
 13277 | Gauntlet | Identified the ring "Olaraif" {+Blink rElec rPois rF+
                  | Dex-3} (You found it in a Gauntlet)
 13299 | Gauntlet | Identified the +7 great mace "Nyes" {holy, rElec}
 13299 | Gauntlet | Identified the +3 hunting sling "Death Rattle" {venom,
                  | rElec MR+ Int+2}
 13299 | Gauntlet | Identified the +8 plate armour of Dramatic Exits {MR+++}
 13299 | Gauntlet | Noticed a minotaur
 13313 | Gauntlet | Killed a minotaur
 13313 | Gauntlet | Reached skill level 1 in Shields
 13313 | Gauntlet | Reached XP level 12. HP: 48/100 MP: 18/18
 13319 | Gauntlet | Got a dazzling flail
 13319 | Gauntlet | Got a pitted scale mail
 13331 | Gauntlet | Got a translucent helmet
 13353 | Lair:3   | Banished a six-headed hydra
 13631 | Lair:2   | Identified the +8 scale mail "Azawel" {MR+} (You found it
                  | in a Gauntlet)
 13653 | Lair:2   | Identified the cursed +0 helmet of Hofudyn {Int+3 SInv}
                  | (You found it in a Gauntlet)
 13656 | Lair:2   | Identified the +6 flail "Lytomor" {crush, rC+ Str-3 Int+6}
                  | (You found it in a Gauntlet)
 13825 | Lair:3   | Got a transparent platinum ring
 13843 | Lair:3   | Noticed a seven-headed hydra
 13847 | Lair:3   | Reached skill level 10 in Axes
 13852 | Lair:3   | Banished a seven-headed hydra
 14210 | Lair:4   | Noticed a death yak
 14210 | Lair:4   | Noticed a death yak
 14211 | Lair:4   | Noticed a death yak
 14211 | Lair:4   | Noticed a death yak
 14213 | Lair:4   | Noticed a death yak
 14214 | Lair:4   | Noticed a death yak
 14240 | Lair:3   | Killed a death yak
 14324 | Lair:3   | Killed a death yak
 14332 | Lair:3   | Killed a death yak
 14342 | Lair:3   | Killed a death yak
 14540 | Lair:4   | Killed a death yak
 14547 | Lair:4   | Killed a death yak
 14751 | Lair:4   | Reached skill level 10 in Invocations
 15269 | Lair:4   | Found a staircase to the Shoals.
 15797 | Lair:5   | Reached XP level 13. HP: 94/107 MP: 20/20
 15851 | Lair:5   | Identified the ring of Hysk {+Blink rElec rPois MR+} (You
                  | found it on level 3 of the Lair of Beasts)
 15903 | Lair:5   | Reached skill level 1 in Throwing
 17882 | Lair:6   | Entered Level 6 of the Lair of Beasts
 18041 | Lair:6   | Found a stormy altar of Qazlal.
 18046 | Lair:6   | Identified a scroll of acquirement
 18062 | Lair:6   | Found a viscous altar of Jiyva.
 18062 | Lair:6   | Found a staircase to the Slime Pits.
 18084 | Lair:6   | Reached skill level 10 in Armour
 18588 | Lair:6   | Found a frozen archway.
 18601 | IceCv    | Entered an ice cave
 19122 | IceCv    | Reached ****** piety under Lugonu
 19405 | IceCv    | Noticed a frost giant
 19429 | IceCv    | Killed from afar by a frost giant

Skill      XL: |  1  2  3  4  5  6  7  8  9 10 11 12 13 |
---------------+----------------------------------------+-----
Dodging        | 1 2 3 4 5 6 7 |  7.3
Axes           | 2 3 4 6 7 8 9 10 11 | 11.4
Armour         | 2 3 4 5 7 8 9 10 | 10.3
Fighting       | 4 5 6 7 8 |  8.9
Invocations    | 3 4 5 6 7 8 10 11 | 11.2
Shields        | 1 2 3 |  3.5
Throwing       | 1 |  1.4
Evocations     | |  0.2

Action                   |  1- 3 |  4- 6 |  7- 9 | 10-12 | 13-15 || total
-------------------------+-------+-------+-------+-------+-------++-------
Melee: Hand axe          |    95 |    19 |       |   448 |   341 ||   903
       Kick              |    13 |    16 |    49 |   154 |   124 ||   356
       War axe           |       |    85 |   192 |    58 |       ||   335
       Headbutt          |       |    11 |    32 |    99 |    83 ||   225
Throw: Javelin           |       |       |       |     4 |     7 ||    11
Invok: Depart the Abyss  |     1 |       |       |       |       ||     1
       Bend Space        |       |       |       |     1 |     1 ||     2
       Banish            |       |       |       |     8 |     3 ||    11
Evoke: Wand              |       |       |       |     4 |     1 ||     5
  Use: Potion            |     4 |     5 |       |     5 |     1 ||    15
       Scroll            |       |    11 |     8 |    13 |     5 ||    37
 Stab: Paralysed         |       |       |       |     3 |       ||     3
  Eat: Chunk             |     1 |     5 |     9 |    21 |     8 ||    44
       Ration            |       |       |     1 |     3 |     1 ||     5
Armor: Chain mail        |    74 |    82 |   203 |   259 |       ||   618
       Skin              |     5 |     1 |       |       |       ||     6
       Plate armour      |       |       |       |   116 |   324 ||   440
Dodge: Dodged            |    23 |    25 |    45 |    91 |    28 ||   212
Block: Shield            |       |       |       |   130 |   172 ||   302
